[gd_scene load_steps=14 format=2]

[ext_resource path="res://assets/models/characters/sparky/sparky.gltf" type="PackedScene" id=1]
[ext_resource path="res://assets/shaders/cel.shader" type="Shader" id=2]

[sub_resource type="ShaderMaterial" id=5]
shader = ExtResource( 2 )
shader_param/use_shadow = false
shader_param/base_color = Color( 0.65098, 0.65098, 0.65098, 1 )
shader_param/use_specular = false
shader_param/specular_tint = Color( 0.75, 0.75, 0.75, 0.75 )

[sub_resource type="ShaderMaterial" id=6]
shader = ExtResource( 2 )
shader_param/use_shadow = false
shader_param/base_color = Color( 0.882353, 0.890196, 0.619608, 1 )
shader_param/use_specular = false
shader_param/specular_tint = Color( 0.75, 0.75, 0.75, 0.75 )

[sub_resource type="ShaderMaterial" id=7]
shader = ExtResource( 2 )
shader_param/use_shadow = false
shader_param/base_color = Color( 0.913725, 0.913725, 0.823529, 1 )
shader_param/use_specular = false
shader_param/specular_tint = Color( 0.75, 0.75, 0.75, 0.75 )

[sub_resource type="ShaderMaterial" id=4]
shader = ExtResource( 2 )
shader_param/use_shadow = false
shader_param/base_color = Color( 0.964706, 0.258824, 0.258824, 1 )
shader_param/use_specular = false
shader_param/specular_tint = Color( 0.75, 0.75, 0.75, 0.75 )

[sub_resource type="ShaderMaterial" id=8]
shader = ExtResource( 2 )
shader_param/use_shadow = false
shader_param/base_color = Color( 0.92496, 0.96, 0.2592, 1 )
shader_param/use_specular = false
shader_param/specular_tint = Color( 0.75, 0.75, 0.75, 0.75 )

[sub_resource type="ShaderMaterial" id=9]
shader = ExtResource( 2 )
shader_param/use_shadow = false
shader_param/base_color = Color( 0.2592, 0.7264, 0.96, 1 )
shader_param/use_specular = false
shader_param/specular_tint = Color( 0.75, 0.75, 0.75, 0.75 )

[sub_resource type="ShaderMaterial" id=10]
shader = ExtResource( 2 )
shader_param/use_shadow = false
shader_param/base_color = Color( 0.2592, 0.96, 0.35264, 1 )
shader_param/use_specular = false
shader_param/specular_tint = Color( 0.75, 0.75, 0.75, 0.75 )

[sub_resource type="ShaderMaterial" id=11]
shader = ExtResource( 2 )
shader_param/use_shadow = false
shader_param/base_color = Color( 0.964844, 0.742477, 0.784171, 1 )
shader_param/use_specular = false
shader_param/specular_tint = Color( 0.75, 0.75, 0.75, 0.75 )

[sub_resource type="ShaderMaterial" id=12]
shader = ExtResource( 2 )
shader_param/use_shadow = false
shader_param/base_color = Color( 0.668, 0.2592, 0.96, 1 )
shader_param/use_specular = false
shader_param/specular_tint = Color( 0.75, 0.75, 0.75, 0.75 )

[sub_resource type="ShaderMaterial" id=13]
shader = ExtResource( 2 )
shader_param/use_shadow = false
shader_param/base_color = Color( 0.6, 0.415686, 0.341176, 1 )
shader_param/use_specular = false
shader_param/specular_tint = Color( 0.75, 0.75, 0.75, 0.75 )

[sub_resource type="ShaderMaterial" id=14]
shader = ExtResource( 2 )
shader_param/use_shadow = false
shader_param/base_color = Color( 0.952941, 0.929412, 0.756863, 1 )
shader_param/use_specular = false
shader_param/specular_tint = Color( 0.75, 0.75, 0.75, 0.75 )

[node name="Sparky" instance=ExtResource( 1 )]

[node name="Body" parent="." index="0"]
material/0 = SubResource( 5 )
material/1 = SubResource( 6 )

[node name="Spine" parent="." index="1"]
material/0 = SubResource( 5 )

[node name="Wire" parent="." index="2"]
material/0 = SubResource( 7 )
material/1 = SubResource( 4 )
material/2 = SubResource( 8 )
material/3 = SubResource( 9 )
material/4 = SubResource( 10 )
material/5 = SubResource( 11 )
material/6 = SubResource( 12 )
material/7 = SubResource( 13 )

[node name="Circle" parent="." index="3"]
material/0 = SubResource( 5 )
material/1 = SubResource( 14 )

[node name="Thigh" parent="." index="4"]
material/0 = SubResource( 5 )

[node name="Shin" parent="Thigh" index="0"]
material/0 = SubResource( 5 )

[node name="Foot" parent="Thigh/Shin" index="0"]
material/0 = SubResource( 5 )

[node name="Arms" parent="." index="5"]
material/0 = SubResource( 5 )

[node name="Shin001" parent="Arms" index="0"]
material/0 = SubResource( 5 )

[node name="Foot001" parent="Arms/Shin001" index="0"]
material/0 = SubResource( 5 )
